 Dungeon Crawl Stone Soup version 0.31-a0-1010-g5322dac6a2 (webtiles) character file.

Game seed: 14900070641545907362

1399558 Ge0ff the Cat-At-Arms (level 25, 78/121 HPs)
             Began as a Felid Artificer on Nov 15, 2023.
             Was a Believer of Okawaru.
             Escaped with the Orb
             ... and 3 runes on Nov 16, 2023!
             The game lasted 04:01:06 (100820 turns).

Ge0ff the Cat-At-Arms (Felid Artificer)           Turns: 100820, Time: 04:01:06

Health: 78/121     AC:  3    Str: 14    XL:     25   Next: 95%
Magic:  27/38      EV: 49    Int: 14    God:    Okawaru [**....]
Gold:   7137       SH:  0    Dex: 34    Spells: 1/44 levels left
                                        Lives:  1   Deaths: 8

rFire   + .          .
                       - Unarmed
rCold   + . .        (shield unavailable)
rNeg    . . .        (body armour unavailable)
rPois   +            (helmet unavailable)
rElec   +            (cloak unavailable)
rCorr   .            (gloves unavailable)
SInv    +            (boots unavailable)
Will    +++..        Q - amulet of guardian spirit
Stlth   +++          I - ring of Generosity {rElec rF+}
HPRegen 0.40/turn    D - ring "Tohaett" {rPois Str+3 Dex+6, =R}
MPRegen 0.26/turn

%: guardian spirit
@: mighty, maw-form, hasted, studying Dodging, very quick
A: devouring maw, very small, claws 1, fangs 3, see invisible, speed 1, shaggy
fur 3, stealthy paws, no weapons or thrown items, no armour, multi-lived, agile
1, strong 1
0: Orb of Zot
}: 3/15 runes: barnacled, silver, gossamer
a: Begin Untransformation, Renounce Religion, Heroism


You escaped.
You worshipped Okawaru.
Okawaru was pleased with you.
You were a creature with a mouth for a stomach.
You visited 11 branches of the dungeon, and saw 51 of its levels.
You also visited: Gauntlet, Ice Cave and Wizlab.

You collected 8956 gold pieces.
You spent 1819 gold pieces at shops.

Inventory:

Jewellery
 e - the ring of Abstinence {rF+ Dex+6 Stlth+}
   (You took it off a hell knight on level 5 of the Vaults)

   [ring of dexterity]

   Dex+6:     It affects your dexterity (+6).
   rF+:       It protects you from fire.
   Stlth+:    It makes you more stealthy.
 g - the ring "Wuufakhlocs" {rN+ Str+3 Dex+3 SInv}
   (You found it on level 4 of the Vaults)

   [ring of see invisible]

   Str+3:     It affects your strength (+3).
   Dex+3:     It affects your dexterity (+3).
   rN+:       It protects you from negative energy.
   SInv:      It lets you see invisible.
 h - the ring of the Unkillable {rN+ Will+ MP+9}
   (You found it on level 1 of the Depths)

   [ring of magical power]

   rN+:       It protects you from negative energy.
   Will+:     It increases your willpower.
   MP+9:      It affects your magic capacity (+9).
 i - a +4 ring of protection
 r - an amulet of faith
 t - an amulet of the acrobat
 v - a ring of resist corrosion
 D - the ring "Tohaett" (right paw) {rPois Str+3 Dex+6, =R}
   (You took it off Lodul on level 12 of the Dungeon)

   [ring of dexterity]

   Str+3:     It affects your strength (+3).
   Dex+6:     It affects your dexterity (+6).
   rPois:     It protects you from poison
 I - the ring of Generosity (left paw) {rElec rF+}
   (You took it off a deep elf pyromancer on level 14 of the Dungeon)

   [ring of protection from fire]

   rF+:       It protects you from fire.
   rElec:     It insulates you from electricity.
 N - the ring "Guge" {Wiz rElec rN+ Dex+3}
   (You took it off a draconian monk on level 4 of the Realm of Zot)

   [ring of wizardry]

   Wiz:       It improves your spell success rate.
   Dex+3:     It affects your dexterity (+3).
   rElec:     It insulates you from electricity.
   rN+:       It protects you from negative energy.
 O - a ring of protection from cold
 Q - an amulet of guardian spirit (around neck)
 S - a +6 ring of intelligence
 Y - the ring "Fanon" {Fly Will+ Str+2}
   (You found it on level 9 of the Dungeon)

   [ring of willpower]

   Str+2:     It affects your strength (+2).
   Will+:     It increases your willpower.
   Fly:       It grants you flight.
 Z - the ring "Qaxil" {rF+ Will+}
   (You found it on level 3 of the Crypt)

   [ring of willpower]

   rF+:       It protects you from fire.
   Will+:     It increases your willpower.
Talismans
 p - a blade talisman
 x - a dragon-blood talisman
 G - a serpent talisman
 U - a maw talisman (active)
Wands
 f - a wand of flame (105)
 j - a wand of quicksilver (8)
 k - a wand of iceblast (18)
 P - a wand of polymorph (43)
Scrolls
 m - a scroll of revelation
 w - a scroll of amnesia
 y - 2 scrolls of immolation
 B - 5 scrolls of blinking
 C - a scroll of poison
 E - 2 scrolls of fear
 F - 4 scrolls of fog
 J - 4 scrolls of silence {!r}
 T - 15 scrolls of teleportation
 V - 12 scrolls of vulnerability
Potions
 o - 6 potions of ambrosia
 q - 20 potions of curing
 u - 8 potions of mutation {!q}
 z - 4 potions of brilliance
 A - 7 potions of attraction
 K - a potion of magic {!q}
 L - 13 potions of lignification
 M - 5 potions of might
 R - 3 potions of resistance
 W - 4 potions of heal wounds {!q}
 X - 5 potions of enlightenment
Miscellaneous
 c - a condenser vane
 l - a lightning rod (4/4)
 n - a phial of floods


   Skills:
 + Level 17.6 Fighting
 - Level 20.0 Dodging
 - Level 20.0 Stealth
 - Level 17.0 Unarmed Combat
 - Level 10.0 Spellcasting
 - Level 10.0 Conjurations
 - Level 15.0 Hexes
 - Level 14.0 Translocations
 - Level 12.0 Transmutations
 - Level 7.0 Air Magic
 - Level 20.1 Invocations
 - Level 12.0 Evocations
 - Level 19.0 Shapeshifting


You had one spell level left.
You knew the following spells:

 Your Spells              Type           Power      Damage    Failure   Level
d - Iskenderun's Mystic   Conj/Tloc      40%        2d9       1%          4
f - Cause Fear            Hex            24%        N/A       1%          4
g - Apportation           Tloc           92%        N/A       1%          1
m - Manifold Assault      Tloc           46%        N/A       1%          4
p - Passage of Golubria   Tloc           46%        N/A       1%          4
s - Jinxbite              Hex            98%        N/A       1%          2
t - Confusing Touch       Hex            49%        N/A       1%          3
y - Yara's Violent Unrav  Hex/Tmut       22%        3d10      1%          5
B - Blink                 Tloc           92%        N/A       1%          2
C - Vhi's Electric Charg  Tloc/Air       72%        N/A       1%          4
E - Irradiate             Conj/Tmut      18%        3d17      3%          5
I - Silence               Hex/Air        18%        N/A       3%          5

Your spell library contained the following spells:

 Spells                   Type           Power      Damage    Failure   Level
 Kiss of Death            Conj/Necr      84%        2d11      1%          1
 Magic Dart               Conj           100%       1d8       1%          1
 Shock                    Conj/Air       100%       1d9       1%          1
 Slow                     Hex            100%       N/A       1%          1
 Freeze                   Ice            28%        1d5       11%         1
 Necrotise                Necr           28%        1d5       11%         1
 Momentum Strike          Conj/Tloc      80%        3d10      1%          2
 Wereblood                Tmut           40%        N/A       1%          2
 Dazzling Flash           Conj/Hex       84%        N/A       1%          3
 Gell's Gravitas          Tloc           46%        N/A       1%          3
 Inner Flame              Hex/Fire       28%        N/A       1%          3
 Sigil of Binding         Hex            49%        N/A       1%          3
 Swiftness                Air            26%        N/A       1%          3
 Teleport Other           Tloc           46%        N/A       1%          3
 Poisonous Vapours        Pois/Air       32%        N/A       3%          2
 Mephitic Cloud           Conj/Pois/Air  22%        N/A       3%          3
 Hailstorm                Conj/Ice       21%        3d6       4%          3
 Stone Arrow              Conj/Erth      42%        3d9       4%          3
 Anguish                  Hex/Necr       14%        N/A       4%          4
 Iskenderun's Battlesphe  Conj           35%        2d9       4%          5
 Dispersal                Tloc           23%        N/A       4%          6
 Cigotuvi's Dreadful Rot  Necr/Pois/Air  26%        N/A       6%          2
 Ignite Poison            Fire/Tmut/Pois 18%        N/A       6%          3
 Airstrike                Air            13%        2d(2-18)  6%          4
 Petrify                  Tmut/Erth      23%        N/A       9%          4
 Arcjolt                  Conj/Air       15%        1d25      9%          5
 Flame Wave               Conj/Fire      21%        2d8       13%         4
 Sticky Flame             Conj/Fire      21%        2d4       13%         4
 Metabolic Englaciation   Hex/Ice        14%        N/A       13%         5
 Sublimation of Blood     Necr           7%         N/A       16%         2
 Enfeeble                 Hex            24%        N/A       19%         7
 Alistair's Intoxication  Tmut/Pois      15%        N/A       24%         5
 Freezing Cloud           Conj/Ice/Air   11%        6-21      28%         5
 Frozen Ramparts          Ice            14%        1d3       30%         3
 Ozocubu's Armour         Ice            7%         N/A       30%         3
 Vampiric Draining        Necr           7%         2d6       30%         3
 Fireball                 Conj/Fire      10%        3d6       36%         5
 Conjure Ball Lightning   Conj/Air       15%        3x3d6     43%         6
 Dispel Undead            Necr           7%         3d8       71%         4
 Olgreb's Toxic Radiance  Pois           7%         N/A       71%         4
 Eringya's Noxious Bog    Tmut/Pois      11%        4d6       80%         6
 Discord                  Hex            24%        N/A       82%         8
 Bombard                  Conj/Erth      10%        9d3       90%         6
 Disjunction              Tloc           23%        N/A       91%         8
 Agony                    Necr           7%         N/A       96%         5
 Borgnjor's Vile Clutch   Necr/Erth      3%         N/A       96%         5
 Lee's Rapid Deconstruct  Erth           3%         3d5*      96%         5
 Ozocubu's Refrigeration  Ice            3%         4d8       100%        7
 Borgnjor's Revivificati  Necr           3%         N/A       100%        8
 Ignition                 Fire           3%         3d4       100%        8
 Lehudib's Crystal Spear  Conj/Erth      10%        10d4      100%        8
 Maxwell's Capacitive Co  Air            13%        ∞         100%        8
 Chain Lightning          Conj/Air       15%        3d20      100%        9
 Death's Door             Necr           3%         N/A       100%        9
 Fire Storm               Conj/Fire      10%        8d3       100%        9
 Shatter                  Erth           3%         3d7*      100%        9
 Summon Small Mammal      Summ           Unusable   N/A       N/A         1
 Tukima's Dance           Hex            Unusable   N/A       N/A         3
 Dimensional Bullseye     Hex/Tloc       Unusable   N/A       N/A         4
 Call Imp                 Summ           Unusable   N/A       N/A         2
 Summon Lightning Spire   Summ/Air       Unusable   N/A       N/A         4
 Animate Armour           Summ/Erth      Unusable   N/A       N/A         4
 Animate Dead             Necr           Unusable   N/A       N/A         4
 Summon Ice Beast         Ice/Summ       Unusable   N/A       N/A         4
 Death Channel            Necr           Unusable   N/A       N/A         6
 Simulacrum               Ice/Necr       Unusable   N/A       N/A         6
 Haunt                    Necr/Summ      Unusable   N/A       N/A         7
 Spellforged Servitor     Conj/Summ      Unusable   N/A       N/A         7
 Infestation              Necr           Unusable   N/A       N/A         8
 Dragon's Call            Summ           Unusable   N/A       N/A         9

Dungeon Overview and Level Annotations

Branches:
Dungeon (15/15)            Temple (1/1) D:5            Lair (5/5) D:9
 Shoals (4/4) Lair:3       Spider (4/4) Lair:3        Slime (0/5) Lair:5
    Orc (2/2) D:11            Elf (3/3) Orc:2        Vaults (5/5) D:14
  Crypt (3/3) Vaults:2       Tomb (0/3) Crypt:3      Depths (4/4) D:15
    Zot (5/5) Depths:4      IceCv (visited)          WizLab (visited)
Gauntlet (visited)

Altars:
Ashenzari
Cheibriados
Dithmenos
Elyvilon
Fedhas
Gozag
Hepliaklqana
Kikubaaqudgha
Makhleb
Nemelex Xobeh
Okawaru
Qazlal
Ru
Sif Muna
Trog
Uskayaw
Vehumet
Wu Jian
Xom
Yredelemnul
Zin
The Shining One
Jiyva

Shops:
D:2 (   D:9 =   D:12 :   D:14 *   Orc:2 (:*=   Elf:1 :   Elf:3 (   Shoals:1 :
Shoals:4 (   Vaults:2 =

Portals:
Hell: Depths:1 Depths:2 Depths:3 Depths:4
Abyss: Depths:1 Depths:3
Pandemonium: Depths:1 Depths:2
Ziggurat: Depths:3
Trove: D:10 (give 7 potions of haste)

Annotations:
Zot:3 1 runed translucent door, 1 exclusion, Yngi's ghost, legendary MiFi


Innate Abilities, Weirdness & Mutations

You are a creature with a mouth for a stomach.
Your midsection houses a second, enormous mouth.
You have sharp claws.
You have razor-sharp teeth.
You have supernaturally acute eyesight. (SInv)
You cover ground quickly. (Speed+)
Your thick and shaggy fur keeps you warm. (AC +3, rC+)
Your paws help you pounce on unaware monsters.
You are incapable of wielding weapons or throwing items.
You cannot wear armour.
You gain extra lives every three experience levels.
You are agile. (Dex +4, Str/Int -1)
Your muscles are strong. (Str +4, Int/Dex -1)


Message History

You bite the hell beast.
The hell beast is almost dead.
The hell beast completely misses you. x2
You mangle the hell beast!!
You kill the hell beast!
Okawaru accepts your kill.
An Orb Guardian comes into view.
You feel yourself speed up.
Okay, then.
You feel very mighty all of a sudden.
You closely miss the Orb Guardian. You bite the Orb Guardian!
The Orb Guardian is lightly wounded.
The Orb Guardian barely misses you.
You mangle the Orb Guardian!! You bite the Orb Guardian!
The Orb Guardian is heavily wounded.
The Orb Guardian hits you!!!
You are too injured to fight recklessly!
You are too injured to fight recklessly!
You scratch the Orb Guardian but do no damage.
You bite the Orb Guardian, but do no damage.
The Orb Guardian is heavily wounded.
You claw the Orb Guardian!
You bite the Orb Guardian, but do no damage.
You bite the Orb Guardian!
The Orb Guardian is almost dead.
The Orb Guardian completely misses you.
You mangle the Orb Guardian!!
You kill the Orb Guardian!
Okawaru accepts your kill.
You start removing your amulet.
You continue taking off your amulet of guardian spirit. x4
You finish taking off your amulet of guardian spirit.
You start putting on your amulet.
You continue putting on your amulet of faith. x5
You finish putting on your amulet of faith.
You feel a surge of divine interest.
r - an amulet of faith (around neck)
Your magical contamination has completely faded away.
You start removing your amulet.
You continue taking off your amulet of faith. x4
You finish taking off your amulet of faith.
Okawaru seems less interested in you.
You feel less pious.
You can no longer speed up your combat.
You start putting on your amulet.
You continue putting on your amulet of guardian spirit. x5
You finish putting on your amulet of guardian spirit.
You feel your power drawn to a protective spirit.
Q - an amulet of guardian spirit (around neck)
There is a staircase leading out of the dungeon here.
You have escaped!

#.#.....#####.#........#
###
#.#...#####>#.#........#
#...#####.....#........#
#.#####.......#.########
#.#..#......###.#
#.#.).....#####.#
#.##....####....#
#.##'####.#>..###
#....#.......W#
###############


There were no monsters in sight!

Vanquished Creatures
  Mara (Vaults:4)
  3 juggernauts
  The ghost of Beuseq the Epochal, a master GnFi of Cheibriados (Zot:4)
  Josephina (Crypt:3)
  Margery (Vaults:4)
  A Killer Klown (Zot:5)
  2 curse toes
  11 golden dragons
  Nikola (Shoals:2)
  Norris (Vaults:3)
  Arachne (Spider:3)
  the Enchantress (Depths:2)
  2 profane servitors (Crypt:3)
  2 bone dragons
  2 electric golems
  8 Orb Guardians
  10 tentacled monstrosities
  Mlioglotl (Shoals:1)
  Asterion (Spider:3)
  A lich (Crypt:3)
  3 deep elf blademasters
  4 titans
  6 sphinxes
  A kraken (Shoals:4)
  3 quicksilver dragons
  Polyphemus (Shoals:3)
  2 deep elf master archers (Elf:3)
  9 death cobs
  5 storm dragons
  14 shadow dragons
  An ancient champion (Crypt:2)
  7 tengu reavers
  3 draconian monks
  3 draconian knights
  11 fire giants
  12 frost giants
  6 deep elf sorcerers
  The ghost of JaaP the Thaumaturge, a journeyman GnEE of Hepliaklqana (Spider:1)
  4 iron dragons
  2 juggernaut zombies (Crypt:3)
  3 emperor scorpions (Spider:4)
  30 vault wardens
  3 draconian stormcallers
  14 ghost moths
  Louise (Spider:3)
  2 deep elf elementalists
  2 draconian scorchers
  3 draconian shifters
  A draconian annihilator (Zot:1)
  An orc warlord (Vaults:3)
  10 stone giants
  5 curse skulls
  2 reapers
  The ghost of Amnesiac the Eclecticist, an adept DjCj of Makhleb (D:13)
  2 formless jellyfish
  9 ghouls (Crypt:3)
  A balrug (Depths:4)
  The ghost of Axkuoc the Warmonger, a journeyman FoFi of Okawaru (Lair:5)
  6 spriggan defenders
  A broodmother (shapeshifter) (Crypt:2)
  An angel (WizLab)
  29 ironbound preservers
  33 very ugly things
  A juggernaut skeleton (Crypt:2)
  2 war gargoyles
  A vampire knight (Crypt:2)
  7 white draconians
  6 deep elf demonologists (Elf:3)
  13 ironbound thunderhulks
  6 black draconians
  8 dire elephants
  A minotaur (Gauntlet)
  9 green draconians
  5 deep elf annihilators
  6 red draconians
  9 yellow draconians
  6 spark wasps
  3 purple draconians (Zot:4)
  13 eidola
  6 fire dragons
  A mummy priest (Crypt:3)
  4 entropy weavers
  8 deep elf death magi
  5 deep elf high priests
  3 crystal guardians
  9 ettins
  7 merfolk impalers
  A green death (Crypt:2)
  A quicksilver dragon zombie (Crypt:3)
  12 yaktaur captains
  4 spriggan zombies (Crypt:3)
  7 ice dragons
  4 caustic shrike simulacra
  49 vault guards
  A fenstrider witch zombie (Crypt:3)
  2 great orbs of eyes
  3 rakshasas
  A jorogumo (Spider:4)
  3 ogre magi
  9 peacekeepers
  15 ironbound frosthearts
  A hell beast (D:1)
  6 hydras
  6 radroaches
  4 catoblepae
  5 spriggan air magi
  3 merfolk avatars
  9 merfolk aquamancers
  A spriggan skeleton (Crypt:1)
  14 two-headed ogres
  18 centaur warriors
  5 death knights
  A two-headed ogre (shapeshifter) (Depths:3)
  12 boulder beetles
  22 dancing weapons
  10 tengu warriors
  7 deep troll earth magi
  7 satyrs
  A storm dragon zombie (Crypt:3)
  6 deep troll shamans
  10 death yaks
  9 demonic crawlers
  6 spriggan berserkers
  An orc high priest (Elf:2)
  2 soul eaters
  2 sun demons
  6 hell knights
  7 skysharks
  15 deep elf knights
  15 skeletal warriors
  2 shadow wraiths
  2 pharaoh ants
  A goliath frog (Crypt:2)
  4 sun moths (Spider:4)
  Lodul (D:12)
  6 iron trolls
  2 salamander mystics
  74 deep trolls
  11 flayed ghosts
  8 sea snakes
  3 glowing orange brains
  A sea snake (shapeshifter) (Depths:4)
  15 lindwurms
  2 orange crystal statues (IceCv)
  2 anaconda zombies (Crypt:2)
  A shadow dragon zombie (Crypt:1)
  20 phantasmal warriors
  15 ironbound convokers
  5 arcanists
  6 orb spiders
  8 steelbarb worms
  An obsidian statue (Vaults:4)
  12 deep elf archers
  A swamp dragon (D:15)
  6 necromancers
  22 deep elf pyromancers
  8 orc knights
  23 ugly things
  26 deep elf zephyrmancers
  20 harpies
  An iron dragon zombie (Crypt:3)
  29 wolf spiders
  A will-o-the-wisp (D:15)
  A salamander (shapeshifter) (D:14)
  A stone giant zombie (Crypt:3)
  16 fauns
  2 orc sorcerers
  7 merfolk sirens
  17 cyclopes
  A fire giant skeleton (Crypt:2)
  2 centaur zombies
  14 manticores
  19 moths of wrath
  15 elephants
  6 salamanders
  5 black mambas
  An iron dragon skeleton (Crypt:1)
  Joseph (Lair:1)
  A molten gargoyle (D:11)
  23 vault sentinels
  A titan simulacrum (Crypt:2)
  An eye of devastation (shapeshifter) (Vaults:5)
  7 water nymphs
  6 torpor snails
  10 gargoyles
  3 hellions
  18 cane toads
  A torpor snail (shapeshifter) (Vaults:5)
  8 rime drakes
  2 unseen horrors
  47 yaktaurs
  2 anaconda simulacra (IceCv)
  A white draconian zombie (Crypt:2)
  6 kobold demonologists
  13 freezing wraiths
  A tengu conjurer (Depths:1)
  An efreet (D:14)
  3 polar bears
  12 meliai
  11 komodo dragons
  A tormentor (Depths:2)
  5 golden dragon simulacra (IceCv)
  A harpy zombie (Crypt:2)
  2 burning bushes (Lair:2)
  A hydra zombie (Crypt:3)
  A mana viper zombie (Crypt:1)
  16 trolls
  20 merfolk
  20 tarantellas
  2 wind drakes
  3 alligator simulacra (IceCv)
  20 blink frogs
  10 hornets
  4 dream sheep
  A boulder beetle zombie (Crypt:1)
  A glass eye (Depths:2)
  12 snapping turtles
  2 ettin zombies (Crypt:3)
  20 jumping spiders
  6 flying skulls (Crypt:2)
  25 slime creatures
  Sigmund (D:2)
  2 air elementals
  A black mamba zombie (Crypt:3)
  62 yaks
  12 water elementals
  7 wyverns
  2 vampires
  2 ynoxinuls
  2 ushabtiu (Crypt:3)
  20 culicivoras
  9 wraiths
  3 shadows
  An alligator snapping turtle simulacrum (Crypt:3)
  3 dire elephant simulacra (IceCv)
  4 fire elementals
  7 spriggans
  A human (shapeshifter) (Elf:1)
  Grum (D:8)
  3 basilisks
  48 redbacks
  A black mamba skeleton (Crypt:1)
  A spectral komodo dragon (Lair:5)
  Menkaure (D:7)
  4 steam dragons
  A chaos spawn (Crypt:2)
  15 vampire mosquitoes
  A harpy simulacrum (Crypt:3)
  2 spectral cane toads (Lair:5)
  5 large abominations
  An acid dragon (D:9)
  A glowing shapeshifter zombie (Crypt:1)
  A naga zombie (Crypt:3)
  3 wargs
  16 water moccasins
  A hydra simulacrum (IceCv)
  A demonspawn skeleton (Crypt:1)
  A black bear (shapeshifter) (Vaults:5)
  22 orc warriors
  A sky beast (D:6)
  A boulder beetle simulacrum (Lair:5)
  3 black bears
  4 ice beasts
  18 wolves
  3 boggarts (Vaults:3)
  A blink frog zombie (Crypt:2)
  30 ogres
  A small abomination (Crypt:2)
  A blink frog skeleton (Crypt:2)
  6 centaurs
  A manticore skeleton (Crypt:1)
  2 phantoms
  A snapping turtle skeleton (Crypt:1)
  4 elf zombies (Elf:1)
  5 kobold brigands
  12 bullfrogs
  5 gnoll sergeants
  13 necrophages (Crypt:3)
  7 scorpions
  8 earth elementals
  8 wights
  A salamander skeleton (Crypt:1)
  9 wyvern skeletons (Crypt:3)
  A yak zombie (Crypt:1)
  A lindwurm simulacrum (IceCv)
  10 killer bees
  2 electric eels
  A polar bear skeleton (Crypt:2)
  A howler monkey (D:13)
  2 komodo dragon simulacra (Lair:5)
  9 hounds
  13 orc priests
  6 jellies
  2 centaur skeletons (Crypt:1)
  5 gnoll boudas
  3 sleepcaps
  4 iguanas
  Ijyb (D:3)
  21 orc wizards
  12 hell rats
  2 lightning spires (WizLab)
  A mummy (Crypt:3)
  31 gnolls
  8 adders
  A shadow imp (D:8)
  2 white imps
  A jelly zombie (Crypt:2)
  A worm (D:2)
  2 dart slugs
  47 orcs
  11 ball pythons
  2 bats (D:1)
  7 endoplasms
  2 giant cockroaches
  A giant cockroach (shapeshifter) (Vaults:4)
  6 goblins
  5 hobgoblins
  7 jackals
  26 kobolds
  A quokka (D:4)
  A frilled lizard (shapeshifter) (D:15)
  2 frilled lizards
  4 rats
  A rat zombie (Crypt:1)
  3 tentacles (Shoals:4)
2254 creatures vanquished.

Vanquished Creatures (collateral kills)
  2 wights (D:5)
  An orc wizard (D:5)
  An orc (D:3)
  A rat (D:3)
5 creatures vanquished.

Vanquished Creatures (others)
  A spriggan simulacrum (Crypt:3)
  A wight (D:5)
  6 foxfires (D:15)
  A tentacle (Shoals:4)
9 creatures vanquished.

Grand Total: 2268 creatures vanquished

Notes
Turn   | Place    | Note
-------+----------+-------------------------------------------
     0 | D:1      | Ge0ff the Felid Artificer began the quest for the Orb.
     0 | D:1      | Reached XP level 1. HP: 9/9 MP: 2/2
    70 | D:1      | Reached skill level 1 in Unarmed Combat
   187 | D:1      | Reached XP level 2. HP: 10/12 MP: 3/3
   919 | D:2      | Identified the "Teic"
   947 | D:2      | Reached XP level 3. HP: 15/15 MP: 4/4
   986 | D:2      | Found a faded altar of an unknown god.
  1036 | D:2      | Found Diamoamp's Antique Weapon Shoppe.
  1350 | D:2      | Found a shimmering blue altar of Sif Muna.
  1619 | D:2      | Noticed Sigmund
  1623 | D:2      | Killed Sigmund
  1624 | D:2      | Reached XP level 4. HP: 20/20 MP: 5/5
  1624 | D:2      | Reached XP level 5. HP: 23/23 MP: 6/6
  1847 | D:3      | Noticed Ijyb
  1967 | D:3      | Killed Ijyb
  1968 | D:3      | Gained mutation: You are covered in thick fur. (AC +2)
                  | [Felid growth]
  1968 | D:3      | Reached XP level 6. HP: 17/27 MP: 7/7
  2160 | D:3      | Found a hazy altar of Hepliaklqana.
  2609 | D:4      | Gained mutation: You are vulnerable to heat. (rF-) [potion
                  | of mutation]
  2609 | D:4      | Gained mutation: You occasionally lose the ability to drink
                  | potions when taking damage. [potion of mutation]
  2609 | D:4      | Gained mutation: Your system is resistant to poisons.
                  | (rPois) [potion of mutation]
  2613 | D:4      | Lost mutation: Your system is resistant to poisons. (rPois)
                  | [potion of mutation]
  2613 | D:4      | Lost mutation: You are vulnerable to heat. (rF-) [potion of
                  | mutation]
  2613 | D:4      | Lost mutation: You occasionally lose the ability to drink
                  | potions when taking damage. [potion of mutation]
  2613 | D:4      | Gained mutation: You occasionally shout uncontrollably at
                  | your foes. [potion of mutation]
  2613 | D:4      | Gained mutation: You have a pair of small horns on your
                  | head. [potion of mutation]
  2613 | D:4      | Gained mutation: You are frail. (-10% HP) [potion of
                  | mutation]
  2613 | D:4      | Gained mutation: You have a somewhat thin skeletal
                  | structure. (Dex +2, Stealth+) [potion of mutation]
  3500 | D:4      | Reached skill level 5 in Unarmed Combat
  3500 | D:4      | Reached XP level 7. HP: 27/27 MP: 8/8
  3640 | D:5      | Entered Level 5 of the Dungeon
  3783 | D:5      | Reached XP level 8. HP: 30/30 MP: 9/9
  3827 | D:5      | Found a staircase to the Ecumenical Temple.
  3839 | D:5      | Learned a level 2 spell: Jinxbite
  3875 | D:5      | Reached skill level 5 in Shapeshifting
  3993 | D:5      | Reached skill level 1 in Hexes
  4048 | D:5      | Reached skill level 1 in Spellcasting
  4514 | D:5      | Found a staircase to the Ecumenical Temple.
  4938 | Temple   | Entered the Ecumenical Temple
  4976 | Temple   | Became a worshipper of Warmaster Okawaru
  5042 | D:6      | Identified the "Rexor"
  5567 | D:6      | Reached * piety under Okawaru
  5568 | D:6      | Reached skill level 5 in Hexes
  5934 | D:6      | Reached XP level 9. HP: 27/33 MP: 3/13
  6965 | D:7      | Found a snail-covered altar of Cheibriados.
  6970 | D:7      | Found a stormy altar of Qazlal.
  7079 | D:7      | Noticed Menkaure
  7101 | D:7      | Killed Menkaure
  7102 | D:7      | Reached skill level 5 in Dodging
  7102 | D:7      | Reached skill level 5 in Stealth
  7293 | D:7      | Reached ** piety under Okawaru
  7991 | D:7      | Found an ancient bone altar of Kikubaaqudgha.
  8440 | D:8      | Noticed Grum
  8464 | D:8      | Killed Grum
  8481 | D:8      | Reached skill level 10 in Shapeshifting
  8711 | D:8      | Reached XP level 10. HP: 38/38 MP: 9/14
  8993 | D:9      | Found Zoninagh's Jewellery Shop.
  8998 | D:9      | Reached *** piety under Okawaru
  9005 | D:9      | Noticed a two-headed ogre
  9097 | D:8      | Reached skill level 1 in Invocations
  9332 | D:8      | HP: 1/38 [yak (4)]
  9336 | D:8      | Mangled by a yak
  9374 | D:8      | Reached skill level 5 in Fighting
 10180 | D:9      | Lost mutation: You have a pair of small horns on your head.
                  | [potion of mutation]
 10180 | D:9      | Lost mutation: You occasionally shout uncontrollably at
                  | your foes. [potion of mutation]
 10180 | D:9      | Lost mutation: You are frail. (-10% HP) [potion of
                  | mutation]
 10180 | D:9      | Gained mutation: Potions are less effective at restoring
                  | your health. [potion of mutation]
 10180 | D:9      | Gained mutation: You have a moderately thin skeletal
                  | structure. (Dex +4, Stealth++) [potion of mutation]
 10180 | D:9      | Gained mutation: You are agile. (Dex +4, Str/Int -1)
                  | [potion of mutation]
 10200 | D:9      | Found a staircase to the Lair.
 10241 | D:9      | Reached **** piety under Okawaru
 10546 | D:9      | Noticed a tengu warrior
 10561 | D:9      | Killed a tengu warrior
 10564 | D:9      | Identified the +1 scimitar of Dung {antimagic, rF- Str+4
                  | Dex+5}
 10564 | D:9      | Identified the ring "Fanon" {Fly Will+ Str+2}
 10564 | D:9      | Identified the staff of Hetof {+Blink rElec rPois Air}
 10564 | D:9      | Identified the +7 chain mail "Kaekk" {rC+++}
 10608 | D:9      | Noticed a boulder beetle
 10667 | D:9      | Killed a boulder beetle
 10668 | D:9      | Reached XP level 11. HP: 30/50 MP: 5/15
 11297 | D:9      | Killed a two-headed ogre
 11553 | D:9      | Identified the +4 war axe of Ugeid {protect, Str+2 Int+2
                  | Dex+2}
 11553 | D:9      | Noticed a centaur warrior
 11581 | D:9      | Slain by a gnoll sergeant
 11595 | D:9      | Noticed a two-headed ogre
 11605 | D:9      | Killed a two-headed ogre
 11875 | D:9      | Killed a centaur warrior
 12049 | D:9      | Found Zoninagh's Jewellery Shop.
 12199 | D:9      | Found a staircase to the Lair.
 12492 | D:10     | Entered Level 10 of the Dungeon
 12499 | D:10     | Reached ***** piety under Okawaru
 12597 | D:10     | Reached skill level 5 in Evocations
 12675 | D:10     | Lost mutation: You have a moderately thin skeletal
                  | structure. (Dex +4, Stealth++) [potion of mutation]
 12675 | D:10     | Lost mutation: You have a somewhat thin skeletal structure.
                  | (Dex +2, Stealth+) [potion of mutation]
 12675 | D:10     | Gained mutation: You are strong-willed. (Will+) [potion of
                  | mutation]
 12675 | D:10     | Gained mutation: You are partially covered in iridescent
                  | scales. (AC +2) [potion of mutation]
 12707 | D:10     | Noticed a two-headed ogre
 12721 | D:10     | Killed a two-headed ogre
 12864 | D:10     | Gained mutation: Your thick and shaggy fur keeps you warm.
                  | (AC +3, rC+) [Felid growth]
 12864 | D:10     | Reached XP level 12. HP: 55/55 MP: 17/17
 13412 | D:10     | Found a portal to a secret trove of treasure.
 13617 | D:11     | Reached skill level 5 in Invocations
 14095 | D:11     | Noticed a two-headed ogre
 14108 | D:11     | Killed a two-headed ogre
 14622 | D:11     | Found a staircase to the Orcish Mines.
 14736 | D:12     | Noticed a centaur warrior
 15025 | D:12     | Killed a centaur warrior
 15148 | D:12     | Found Wuunkero's Book Shoppe.
 15292 | D:12     | Noticed a boulder beetle
 15301 | D:12     | Killed a boulder beetle
 15508 | D:12     | Noticed a boulder beetle
 15526 | D:12     | Identified the +4 ring mail of Eternal Night {Regen+ rCorr
                  | Dex+2}
 15526 | D:12     | Identified the +7 hand axe "Ihi Nuo" {chaos, Fly rElec
                  | rC+++ Str-5}
 15734 | D:12     | Reached skill level 10 in Dodging
 15840 | D:12     | Learned a level 1 spell: Apportation
 15846 | D:12     | Learned a level 5 spell: Irradiate
 15866 | D:12     | Killed a boulder beetle
 15935 | D:12     | Reached skill level 1 in Translocations
 16053 | D:12     | Identified the +5 glaive of Impermanence {freeze, rPois
                  | Will+ Int+6 Dex+3}
 16053 | D:12     | Noticed a death knight
 16155 | Lair:1   | Entered Level 1 of the Lair of Beasts
 16374 | Lair:1   | Reached XP level 13. HP: 60/60 MP: 10/18
 16452 | Lair:1   | Noticed Joseph
 16495 | Lair:1   | Killed Joseph
 16704 | Lair:1   | Reached ****** piety under Okawaru
 17213 | Lair:1   | Learned a level 4 spell: Cause Fear
 17611 | Lair:2   | Reached skill level 1 in Transmutations
 17632 | Lair:2   | Reached skill level 1 in Conjurations
 17742 | Lair:2   | Reached skill level 10 in Stealth
 18334 | Lair:2   | Found a runed translucent door.
 19292 | Lair:3   | Found a hole to the Spider Nest.
 19620 | Lair:3   | Reached skill level 10 in Hexes
 19971 | Lair:3   | Found a staircase to the Shoals.
 20190 | Lair:3   | Reached XP level 14. HP: 65/65 MP: 17/20
 20672 | Lair:4   | Reached skill level 10 in Unarmed Combat
 20791 | Lair:3   | Reached skill level 10 in Fighting
 20973 | Lair:4   | Learned a level 5 spell: Silence
 20978 | Lair:4   | Learned a level 4 spell: Iskenderun's Mystic Blast
 22313 | Lair:5   | Entered Level 5 of the Lair of Beasts
 22446 | Lair:5   | Found a gate leading to a gauntlet.
 22472 | Lair:5   | Found a viscous altar of Jiyva.
 22475 | Lair:5   | Found a staircase to the Slime Pits.
 22519 | Gauntlet | Entered a Gauntlet
 22519 | Gauntlet | Found a transporter.
 22519 | Gauntlet | Found a transporter.
 22520 | Gauntlet | Found a transporter.
 22520 | Gauntlet | Found a transporter.
 22523 | Gauntlet | Found a transporter.
 22534 | Gauntlet | Found a transporter.
 22559 | Gauntlet | Found a transporter.
 22576 | Gauntlet | Found a transporter.
 22595 | Gauntlet | Found a transporter.
 22601 | Gauntlet | Found a transporter.
 22619 | Gauntlet | Found a transporter.
 22670 | Gauntlet | Found a transporter.
 22749 | Gauntlet | Reached skill level 5 in Transmutations
 23780 | Lair:5   | Found a runed translucent gate.
 23781 | Lair:5   | Found a runed translucent gate.
 23781 | Lair:5   | Found a runed translucent gate.
 23803 | Lair:5   | Noticed Axkuoc's ghost (journeyman FoFi)
 23850 | Lair:5   | Reached skill level 5 in Conjurations
 24078 | Lair:5   | Reached skill level 5 in Spellcasting
 24253 | Lair:5   | Reached XP level 15. HP: 70/70 MP: 18/23
 24673 | Orc:1    | Entered Level 1 of the Orcish Mines
 25033 | Orc:2    | Entered Level 2 of the Orcish Mines
 25033 | Orc:2    | Found a staircase to the Elven Halls.
 25477 | Orc:2    | Found Camarism's Jewellery Emporium.
 25771 | Orc:2    | Found Sufiy's Book Shop.
 25771 | Orc:2    | Found Yczebroto's Assorted Antiques.
 25781 | Orc:2    | Found Ale Zuf's Antique Weapon Shoppe.
 26069 | Orc:2    | Bought a ring of poison resistance for 240 gold pieces
 26531 | D:12     | Mangled by a death knight
 26610 | D:12     | Identified the ring "Tohaett" {rPois Str+3 Dex+6}
 26610 | D:12     | Noticed Lodul
 26618 | D:12     | Killed Lodul
 26786 | D:12     | Noticed a frost giant
 26810 | D:12     | Killed a frost giant
 26833 | D:12     | Identified the +4 rapier "Ulelume" {venom, rCorr Str+6}
 26959 | D:12     | Noticed a sphinx
 26967 | D:12     | Killed a sphinx
 26996 | D:12     | Reached skill level 10 in Transmutations
 27354 | D:12     | Found the +3 salamander hide armour {Flames, rFlCloud rF++
                  | rC--}
 27574 | D:12     | Found Wuunkero's Book Shoppe.
 28195 | D:13     | Found a runed translucent door.
 28202 | D:13     | Noticed Amnesiac's ghost (adept DjCj)
 28211 | D:13     | Killed Amnesiac's ghost
 28741 | D:14     | Found a gate to the Vaults.
 28859 | D:14     | Reached XP level 16. HP: 74/74 MP: 14/24
 28903 | D:14     | Reached skill level 1 in Air Magic
 28957 | D:14     | Found Simec's General Store.
 29022 | D:14     | Bought a potion of heal wounds for 90 gold pieces
 29022 | D:14     | Bought a potion of haste for 180 gold pieces
 29022 | D:14     | Bought a scroll of acquirement for 936 gold pieces
 29022 | D:14     | Acquired 841 gold pieces
 29130 | D:14     | Found a frozen archway.
 29134 | D:14     | Identified the ring of Generosity {rElec rF+}
 29171 | IceCv    | Entered an ice cave
 29242 | IceCv    | cat >>> caustic shrike
 30436 | D:15     | Entered Level 15 of the Dungeon
 30484 | D:15     | Found a staircase to the Depths.
 30591 | D:15     | Noticed a sphinx
 30605 | D:15     | Paralysed by a sphinx for 3 turns
 30609 | D:15     | Killed a sphinx
 30808 | D:15     | Reached skill level 5 in Air Magic
 30847 | D:15     | HP: 3/74 [meliai/divine providence (7)]
 32116 | Lair:5   | Killed Axkuoc's ghost
 32293 | Spider:1 | Entered Level 1 of the Spider Nest
 32978 | Spider:1 | Found a large runed translucent door.
 32979 | Spider:1 | Found a large runed translucent door.
 32986 | Spider:1 | Noticed JaaP's ghost (journeyman GnEE)
 33007 | Spider:1 | Killed JaaP's ghost
 34319 | Spider:1 | Reached XP level 17. HP: 76/77 MP: 28/28
 34583 | Spider:2 | Lost mutation: You are agile. (Dex +4, Str/Int -1)
                  | [mutagenic glow]
 36201 | Spider:3 | Noticed Louise
 36209 | Spider:3 | Noticed Asterion
 36219 | Spider:3 | Killed Louise
 36683 | Spider:3 | Noticed Arachne
 36692 | Spider:3 | Killed Arachne
 36916 | Spider:3 | Killed Asterion
 37544 | Spider:4 | Entered Level 4 of the Spider Nest
 37781 | Spider:4 | HP: 1/79 [radroach (15)]
 37782 | Spider:4 | Slain by a radroach
 38812 | Spider:4 | Gained mutation: You occasionally lose the ability to read
                  | scrolls when taking damage. [mutagenic glow]
 38986 | Spider:4 | Lost mutation: You occasionally lose the ability to read
                  | scrolls when taking damage. [potion of mutation]
 38986 | Spider:4 | Lost mutation: You are strong-willed. (Will+) [potion of
                  | mutation]
 38986 | Spider:4 | Gained mutation: You have a pair of small antennae on your
                  | head. [potion of mutation]
 39645 | Spider:4 | Blown up by an orb spider
 39745 | Spider:4 | Learned a level 5 spell: Yara's Violent Unravelling
 39750 | Spider:4 | Learned a level 4 spell: Vhi's Electric Charge
 40432 | Spider:4 | Reached skill level 5 in Translocations
 41220 | Spider:4 | Got a gossamer rune of Zot
 41554 | Shoals:1 | Entered Level 1 of the Shoals
 41568 | Shoals:1 | Lost mutation: You are partially covered in iridescent
                  | scales. (AC +2) [potion of mutation]
 41568 | Shoals:1 | Lost mutation: Potions are less effective at restoring your
                  | health. [potion of mutation]
 41568 | Shoals:1 | Lost mutation: You have a pair of small antennae on your
                  | head. [potion of mutation]
 41568 | Shoals:1 | Gained mutation: You are somewhat resistant to further
                  | mutation. [potion of mutation]
 41714 | Shoals:1 | Reached skill level 10 in Translocations
 41891 | Shoals:1 | Found Efeklarchos's Book Shoppe.
 41924 | Shoals:1 | Reached XP level 18. HP: 84/84 MP: 26/29
 42202 | Shoals:1 | Noticed Mlioglotl
 42220 | Shoals:1 | Killed Mlioglotl
 43096 | Shoals:2 | Noticed Nikola
 43124 | Shoals:2 | Killed Nikola
 43125 | Shoals:2 | Reached skill level 15 in Dodging
 43952 | Shoals:2 | Identified the +6 morningstar "Cat's Curse" {freeze, rF+}
 44817 | Shoals:1 | Found the +7 captain's cutlass {speed, disarm}
 44825 | Shoals:1 | Identified the +0 pair of boots of Eppex {Str-4 Int+6
                  | Slay+3}
 45679 | Shoals:3 | Noticed Polyphemus
 45929 | Shoals:3 | Hit by a large rock thrown by Polyphemus
 46825 | Shoals:3 | Killed Polyphemus
 47122 | Shoals:4 | Entered Level 4 of the Shoals
 47398 | Shoals:4 | Found Ziut's Weapon Shop.
 47661 | Shoals:4 | Got a barnacled rune of Zot
 50212 | Shoals:4 | Found Ziut's Weapon Shop.
 50264 | Shoals:4 | Reached XP level 19. HP: 88/88 MP: 20/30
 50917 | Crypt:3  | Identified the of Mippuli
 50917 | Crypt:3  | Identified the "Agahun"
 50917 | Depths:2 | Identified the of Dawnah
 50917 | Elf:1    | Identified the "Uten"
 50917 | Elf:1    | Entered Level 1 of the Elven Halls
 51046 | Elf:1    | Found a radiant altar of Vehumet.
 51249 | Elf:1    | Identified the +7 chain mail of Vexation {rElec Dex+4}
 51794 | Elf:1    | Found Itrajeal's Book Shoppe.
 52706 | Elf:2    | Found a runed translucent gate.
 52711 | Elf:2    | Found a runed translucent gate.
 52711 | Elf:2    | Found a runed translucent gate.
 55480 | Elf:3    | Identified the of Umuchua
 55480 | Elf:3    | Entered Level 3 of the Elven Halls
 55505 | Elf:3    | Found a magical portal.
 55557 | Elf:3    | Found Ugusmorgh's Weapon Emporium.
 55657 | WizLab   | Entered Maxwell's Workshop
 55821 | WizLab   | Identified the ring of Curiosity {Fire Str+7}
 55824 | WizLab   | Identified the ring of Bescheto {Ice rCorr Str+3 Int+3}
 56137 | WizLab   | Reached skill level 15 in Shapeshifting
 56679 | WizLab   | Identified the ring of Qitotz {Ice Slay+3}
 56684 | WizLab   | Noticed an electric golem
 56697 | WizLab   | Killed an electric golem
 56700 | WizLab   | Identified the +0 broad axe of Brawling {flame, rPois rN+
                  | Dex-3}
 57956 | Elf:3    | Reached XP level 20. HP: 91/95 MP: 3/31
 59101 | Elf:3    | Identified the staff "Hiychif" {rElec Will+ Str+4 Dex-5
                  | Air}
 59384 | Elf:3    | Identified the ring of Peihas {Fly rF- Will++ rCorr Int+2}
 59502 | Elf:3    | Identified the +0 ring mail of Farfalle {rN+ Stlth+}
 60077 | Vaults:1 | Entered Level 1 of the Vaults
 62543 | Vaults:2 | Reached skill level 10 in Conjurations
 63292 | Vaults:2 | Reached XP level 21. HP: 82/99 MP: 23/32
 64099 | Vaults:2 | Found Lumpyuqe's Jewellery Shop.
 64110 | Vaults:2 | Learned a level 2 spell: Blink
 64429 | Vaults:2 | Found a staircase to the Crypt.
 65018 | Vaults:3 | Reached skill level 15 in Stealth
 65032 | Vaults:3 | Identified the +1 leather armour of Felaleuce {+Blink
                  | Int+5}
 66072 | Vaults:3 | You fall into a shaft and drop 1 floor!
 66245 | Vaults:4 | Found a transporter.
 66256 | Vaults:4 | Found a transporter.
 66949 | Vaults:3 | Identified the +3 battleaxe of the Thing {freeze, *Corrode
                  | +Blink rPois Str+4}
 67295 | Vaults:3 | Reached skill level 10 in Spellcasting
 67468 | Vaults:3 | Noticed Norris
 67496 | Vaults:3 | Killed Norris
 67976 | Vaults:4 | HP: 4/94 [deep troll[an ironbound preserver] (14)]
 68301 | Vaults:4 | Reached XP level 22. HP: 98/103 MP: 13/37
 68532 | Vaults:4 | Noticed Margery
 68811 | Vaults:4 | Noticed Mara
 68817 | Vaults:4 | Noticed Ge0ff's illusion
 69535 | Vaults:4 | Killed Mara
 70457 | Vaults:4 | Found a transporter.
 70470 | Vaults:4 | Found a transporter.
 70507 | Vaults:4 | Killed Margery
 70508 | Vaults:4 | Reached skill level 15 in Unarmed Combat
 70979 | Vaults:4 | Reached skill level 10 in Invocations
 71005 | Vaults:4 | Identified the ring "Wuufakhlocs" {rN+ Str+3 Dex+3 SInv}
 71233 | Crypt:1  | Entered Level 1 of the Crypt
 72505 | Crypt:2  | Identified the +8 chain mail "Yrar" {rN+}
 72613 | Crypt:2  | HP: 3/103 [skeletal warrior/+0 war axe[a death knight]
                  | (22)]
 72882 | Crypt:2  | Found a runed translucent gate.
 72884 | Crypt:2  | Found a runed translucent gate.
 72884 | Crypt:2  | Found a runed translucent gate.
 74480 | Crypt:3  | Entered Level 3 of the Crypt
 75265 | Crypt:3  | Identified the ring "Viogid" {Ice *Corrode Will+ Int+5}
 75265 | Crypt:3  | Noticed Josephina
 75565 | Crypt:3  | Reached skill level 15 in Fighting
 75828 | Crypt:3  | Found a staircase to the Tomb.
 76607 | Crypt:3  | Killed Josephina
 76778 | Crypt:3  | Identified the +7 plate armour of the World {rCorr Stlth+}
 76930 | Crypt:3  | Found a basalt altar of Yredelemnul.
 77009 | Crypt:3  | Reached XP level 23. HP: 108/108 MP: 33/38
 78258 | Crypt:3  | Identified the ring "Qaxil" {rF+ Will+}
 78339 | Crypt:3  | HP: 3/106 [profane servitor/+1 demon whip of flaming (3)]
 78989 | Depths:1 | Entered Level 1 of the Depths
 79149 | Depths:1 | Learned a level 3 spell: Confusing Touch
 79217 | Depths:1 | Found a one-way gate leading to the halls of Pandemonium.
 79638 | Depths:1 | Found a glowing golden altar of the Shining One.
 79822 | Depths:1 | Found a gateway to Hell.
 80301 | Depths:1 | Found an iron altar of Okawaru.
 80403 | Depths:1 | Found a one-way gate to the infinite horrors of the Abyss.
 80417 | Depths:1 | Identified the ring of the Unkillable {rN+ Will+ MP+9}
 80784 | Depths:2 | Noticed the Enchantress
 80856 | Depths:2 | Noticed a juggernaut
 80876 | Depths:2 | Killed a juggernaut
 81908 | Depths:2 | Reached skill level 15 in Invocations
 82246 | Depths:2 | Killed the Enchantress
 82582 | Depths:2 | Identified the +10 long sword of Division {freeze, Fly
                  | rPois Int+4}
 83428 | Depths:3 | Found a one-way gateway to a ziggurat.
 84001 | Depths:4 | Entered Level 4 of the Depths
 84396 | Depths:4 | Noticed a juggernaut
 84402 | Depths:4 | Killed a juggernaut
 84426 | Depths:4 | Found a gate to the Realm of Zot.
 84956 | Depths:4 | Reached skill level 15 in Hexes
 85164 | Depths:4 | Reached XP level 24. HP: 98/112 MP: 13/38
 85567 | Depths:4 | Noticed a juggernaut
 85587 | Depths:4 | Killed a juggernaut
 86047 | Depths:4 | Gained mutation: You are vulnerable to cold. (rC-)
                  | [mutagenic glow]
 86048 | Depths:4 | Lost mutation: You are vulnerable to cold. (rC-) [potion of
                  | mutation]
 86048 | Depths:4 | Lost mutation: You are somewhat resistant to further
                  | mutation. [potion of mutation]
 86048 | Depths:4 | Gained mutation: Your muscles are strong. (Str +4, Int/Dex
                  | -1) [potion of mutation]
 86471 | D:14     | Bought a scroll of fog for 72 gold pieces
 86471 | D:14     | Bought a wand of polymorph (4) for 100 gold pieces
 86673 | Orc:2    | Bought a wand of iceblast (4) for 201 gold pieces
 86902 | Vaults:4 | You fall into a shaft and drop 1 floor!
 86902 | Vaults:5 | Entered Level 5 of the Vaults
 87033 | Vaults:5 | Upgraded the game from 0.31-a0-1009-g454b1f1e0a to
                  | 0.31-a0-1010-g5322dac6a2
 87136 | Vaults:5 | Demolished by a frost giant
 87547 | Vaults:5 | Identified the +5 battleaxe of Fate {flame, rPois rC+}
 88088 | Vaults:5 | Identified the +10 plate armour of Yfinaqe {Int+2}
 88113 | Vaults:5 | Slain by a vault guard
 88388 | Vaults:5 | Reached skill level 10 in Evocations
 88405 | Vaults:5 | Identified the +1 dagger "Beetlebane" {speed, Str+3 Int+5}
 88405 | Vaults:5 | Identified the +1 robe of a wizard's laboratory {+Inv rN+
                  | Int-2 SInv}
 90134 | Vaults:5 | Identified the ring of Abstinence {rF+ Dex+6 Stlth+}
 90322 | Vaults:5 | Got a silver rune of Zot
 90445 | Vaults:5 | Identified the +11 hand axe of Ointment {drain, rCorr}
 90595 | Vaults:5 | Identified the +2 robe "Ediekko" {Fly Will- Str+7}
 91910 | Vaults:5 | Learned a level 4 spell: Manifold Assault
 91915 | Vaults:5 | Learned a level 4 spell: Passage of Golubria
 92213 | Zot:1    | Entered Level 1 of the Realm of Zot
 92434 | Zot:1    | Reached XP level 25. HP: 116/116 MP: 30/38
 93590 | Zot:3    | You fall into a shaft and drop 1 floor!
 93590 | Zot:4    | Identified the "Sasochaa"
 95307 | Zot:4    | Found a runed translucent door.
 95307 | Zot:4    | Noticed Beuseq's ghost (master GnFi)
 95331 | Zot:4    | Killed Beuseq's ghost
 95546 | Zot:4    | Identified the ring "Guge" {Wiz rElec rN+ Dex+3}
 95877 | Zot:4    | Noticed an orb of fire
 97258 | Zot:3    | Found a runed translucent door.
 97858 | Zot:3    | Noticed Yngi's ghost (legendary MiFi)
 98722 | Zot:5    | Entered Level 5 of the Realm of Zot
 98839 | Zot:5    | just in time
 99064 | Zot:5    | Noticed a Killer Klown
 99068 | Zot:5    | Killed a Killer Klown
100172 | Zot:5    | Noticed an ancient lich
100172 | Zot:5    | Noticed an orb of fire
100172 | Zot:5    | Noticed a dread lich
100176 | Zot:5    | let's go
100180 | Zot:5    | Noticed a Killer Klown
100180 | Zot:5    | Noticed an orb of fire
100188 | Zot:5    | Got the Orb of Zot
100188 | Zot:5    | Gained mutation: You are agile. (Dex +4, Str/Int -1) [an
                  | orb of fire]
100191 | Zot:5    | huge success!
100587 | D:9      | Noticed Ikearoca the pandemonium lord
100820 | D:$      | Escaped with the Orb!

Illustrated notes ####### %. ##.....# .... ##......# .....#.......# ........∩..∩.# .....#....☼W.# ... ##......# $ ##.....# ####### Turn 29242 on IceCv: cat >>> caustic shrike

*,,,,,,..............<.......
*,,,,,,......................
*,,,***#####...###...########
*,,,,,* #...###...########
*,,,,,* #...##############
*****,,,,,* ###.##############
,,,,*,,,*** #####.####⌠..#######
,,,,*,,,* #...#.####...#######
,,,,*,,,*###*#..W#.# #....#
**,,*,,,*#...#.....###...#####
**,,,,,,,....................#
**,,*,,,*#...##.....########.#
**,,*,,,*#..,*###.⌠.# #.#
**,,*,,,*#.,,***##.## #.# *
**,,*****#,,...###.#########.####
**,,* *,.........<.........!..
**,,* *,....###.#########.####


Turn 98839 on Zot:5: just in time .## *,,,,,,,,,,,,,,,,,,,,* ..#
*,,,,,^,,,,,.D$....,,* ..## *,,,,,,,,,,,.......,,* ...#**,,,,,,,,,,,.......^,*
#...#**,,,,,,,,,,.^.....,** *#....#*,,,,,,^,,.......** *##....,,^,,,,,,§§....#*
*▓▓▓▓*▓▓▓▓▓▓##§X§X8▓▓ ****,.....§§WX§....▓* ***,,,,.....§§§§§.....**
**,,,,,,.....§§§§§.....,** *,,,,,,,.L...*......^..,,*
**,,,,,,,....L..........,^* **,,,,,,,...............,**
,*,,,,,,,...............** ,,,,,,,,,..............▓* ,*,,,,,,,,,,,,,,,,,,,,,,**
Turn 100176 on Zot:5: let's go ,,,,,,,,** *..(............# ,,,,^,,,,**
*#.............## * ,,,,,,,,,,** #.............# ** ,,,,,,,,,,,* ##...........##
*, ,,,,,,,,,,,* #.^.........# *, ,,,,,,,,,,,* ##...........## *, ^,,,,,,,,,,*
#.............# *, ,,,,,,,,,,,* ##.............## *,
,,,^,,,,,,,**#.[W............#**, ,,,,,,,,,,**#...###########...#**
,,,,,,,,,*#....#* *#....# ,,,,,,,,,X.D.##* *##... *********▓▓▓** *▓▓▓
,,,,,,,,,**** *▓▓ ,,,,,,,,,^,,*** ##▓.. ,,,,,,,,,,,,,,** ##.... ,,,,,,,,,,,,,,,*
****▓▓▓▓* #..... Turn 100191 on Zot:5: huge success!

Levels and vault maps discovered:
D:1:      dpeg_arrival_long_road, layout_basic, chequers_serial_rivers_micro_a,
          minmay_splitting_lines
D:2:      layout_basic, basic_altar, hellmonk_ecumenical_altar_zigzags,
          serial_shops, shop, uniq_sigmund
D:3:      layout_rooms, lemuel_doored_altar, kennysheep_big_empty_room,
          minmay_gold_behind_fungi, uniq_ijyb
D:4:      layout_basic, minivault_4, grunt_ministairs_5
D:5:      layout_loops_ring, minmay_temple_entry_glassed_door,
          nicolae_zig_zag_zippers
D:6:      layout_layer_cave
D:7:      layout_basic, kennysheep_little_box, grunt_temple_overflow_open,
          uniq_menkaure
D:8:      layout_rooms, uniq_grum
D:9:      minmay_the_grid_3x3 [minmay_the_grid_all_tris,
          minmay_the_grid_diamond_grid, minmay_the_grid_mess,
          minmay_the_grid_tiny_cups, minmay_the_grid_minigrid_medium,
          minmay_the_grid_tree, minmay_the_grid_outer_diamond,
          minmay_the_grid_holed_spiral, minmay_the_grid_prize_shrinking_boxes],
          layout_cave_pools, minmay_lair_entry_grove, serial_gnoll_camp,
          gnoll_camp_mini_shop, gnoll_camp_huts_basic, gnoll_camp_mini_house,
          gnoll_camp_mini_loothouse
D:10:     layout_basic, enter_trove_1
D:11:     layout_roguey, david_orc_4, kennysheep_generic_room_2
D:12:     minmay_tearing_corner, layout_rooms, serial_shops, shop,
          hellmonk_guarded_unrand_salamander, uniq_lodul
D:13:     layout_basic, hellmonk_ghost_big_iron, the_hattery
D:14:     layout_stronghold, erik_vaults_2, serial_park_tiny_1,
          portal_ice_cave_entry_pillars_2, kennysheep_windowed_goal
D:15:     grunt_enter_depths_snipers, layout_irregular_city, serial_park_gazebo
          [serial_park_minivault_5x5_3], pond
Temple:   dpeg_five_rooms_temple
Lair:1:   layout_loops_ring, chequers_serial_rivers_large_b,
          beast_lair_carwin_2, uniq_joseph
Lair:2:   gammafunk_lair_enchanted_lake, layout_cave_pods, evilmike_ambush
          [evilmike_ambush_outer_basic, evilmike_ambush_inner_basic]
Lair:3:   layout_chaotic_city, minmay_shoals_entry_hut,
          nicolae_spider_entry_lesser_pyramids, nicolae_quartered_pool_medium
Lair:4:   layout_loops_ring, grunt_megastairs_4
Lair:5:   grunt_lair_end_beastmaster, layout_gridlike,
          nicolae_slime_entry_field_trip, gauntlet_entry_generic,
          gammafunk_ghost_necromancy, grunt_forest_large_clearings,
          lemuel_fruit_tree
Shoals:1: layout_shoals, serial_shops, shop, nicolae_shoals_hidden_pirate_stash,
          uniq_mlioglotl
Shoals:2: cheibrodos_shoals_gigantism, layout_shoals, uniq_nikola
Shoals:3: layout_shoals, nicolae_tricolors, uniq_polyphemus
Shoals:4: shoals_end_grunt_garden, layout_shoals, serial_shops,
          nicolae_shop_tiny_real_fake_doors, nicolae_splish_splash
Spider:1: layout_chambers, ebering_ghost_disaster_area
Spider:2: layout_chambers, nicolae_spider_stair_cavern
Spider:3: layout_spider_delve, nicolae_spider_webbed_stairs, uniq_louise,
          uniq_arachne, uniq_asterion
Spider:4: spider_rune_water, nicolae_spider_solar_radiation
Orc:1:    layout_diamond_mine
Orc:2:    st_orc_open, layout_caves
Elf:1:    eino_elf_arrival_altar, layout_geoelf_diagonals, serial_shops, shop,
          minmay_elf_necromancy
Elf:2:    nicolae_elf_blades_crystal_corner, layout_onion_city
Elf:3:    elf_hall_gauntlet_narrow, layout_onion_city,
          infiniplex_enter_wizlab_glasses, serial_shops, shop
Vaults:1: nicolae_vaults_trapezoid_1, nicolae_vaults_house_1,
          hangedman_vaults_slice, kennysheep_ogre_elephant_herders,
          hangedman_vaults_river_flow, ontoclasm_vaults_idyll,
          nicolae_vaults_more_shelving_2, v_misc_3, v_pattern_1,
          vaults_room_hallway, nicolae_vaults_tetromino_L_1,
          serial_library_regret_index_small_wings, v_alt_pattern_2,
          ontoclasm_vaults_fault, layout_vaults_maze
Vaults:2: nicolae_vaults_network_periphery, minmay_crypt_entry_nasty_monster,
          vaults_room_fours, nicolae_vaults_two_Ls,
          nicolae_vaults_oval_intersection, nicolae_vaults_yaktaur_gun_rack,
          ontoclasm_vaults_chip, nicolae_vaults_border_crossing,
          nicolae_vaults_ring_of_whatevers, layout_vaults_omnigrid,
          serial_shops, shop
Vaults:3: nicolae_vaults_arrows, nicolae_vaults_apartment_1,
          hangedman_vaults_capsules, nicolae_vaults_tetromino_T_2,
          ontoclasm_vaults_decontamination, nicolae_vaults_closet_pinwheel_3,
          v_misc_4, ontoclasm_vaults_hangar, nicolae_vaults_house_3, st_lines,
          ontoclasm_vaults_claustrophobia, vaults_mumra_minichess,
          hangedman_vaults_corner_blocks, nicolae_vaults_asterisk,
          layout_vaults_omnicross, uniq_norris
Vaults:4: hangedman_vaults_corner, ontoclasm_vaults_ring_square,
          hangedman_vaults_corner_blocks, v_pattern_3,
          nicolae_vaults_ring_of_whatevers, nicolae_vaults_closet_pinwheel_1,
          gammafunk_sealed_arena, nicolae_vaults_sesquioval_fish,
          nicolae_vaults_stairing_the_circle, nicolae_vaults_storage_room_glass,
          v_misc_27, nicolae_vaults_tetromino_Z_2, grunt_vaults_hallway_short,
          layout_vaults_ring, uniq_margery, uniq_mara
Vaults:5
Crypt:1:  layout_basic, corexii_hall_statues_deadend
Crypt:2:  layout_rooms, minivault_5, pandoras_box_mu
Crypt:3:  evilmike_haunted_forest, uniq_josephina
Depths:1: layout_gridlike, pan_entry, tso_metal_star, pf_coc_iceberg,
          nicolae_abyss_entry_one_way_or_another,
          hangedman_decor_clover_reticule, okawaru_altar_gauntlet_db
Depths:2: minmay_complete_graph, layout_cave_pools, grunt_pan_entry_sceptre,
          hell_entry, uniq_grunn, uniq_enchantress
Depths:3: kennysheep_spiral_hall, layout_cave_pools, enter_ziggurat_c,
          abyss_entry_glasseish, hell_entry, wad_floor_pattern_2,
          glass_columns_b
Depths:4: evilmike_zot_entry_diamond, layout_gridlike, hell_entry,
          serial_library_regret_index_double_sided, kilobyte_mutagenic_chamber
Zot:1:    hellmonk_paralyzer, layout_onion_interference,
          regret_index_zotdec_under_construction, hangedman_zot_spectrum
Zot:2:    layout_cellular_growth, regret_index_zotdec_ex,
          regret_index_zotdec_gossamer_gf
Zot:3:    layout_cathedral_of_symmetry, ebering_ghost_reflecting_pool
Zot:4:    layout_misc_corridors, hellmonk_ghost_happy_afterlife,
          grunt_ministairs_13, regret_index_zotdec_misc_clamp,
          hangedman_hellfire_club, lemuel_elevator
Zot:5:    layout_misc_corridors

Skill      XL: |  1  2  3  4  5  6  7  8  9 10 11 12 13 14 15 16 17 18 19 20 21 22 23 24 25 |
---------------+----------------------------------------------------------------------------+-----
Unarmed Combat | 1 2 3 4 5 7 8 9 10 11 12 13 15 17 | 17.0
Stealth        | 2 3 5 7 9 10 11 12 14 17 19 20 | 20.0
Fighting       | 2 3 4 7 8 9 10 11 12 14 15 17 | 17.6
Shapeshifting  | 2 3 4 7 10 11 12 16 19 | 19.0
Hexes          | 5 7 8 10 15 | 15.0
Spellcasting   | 2 3 5 7 10 | 10.0
Dodging        | 5 7 8 10 11 12 13 14 19 20 | 20.0
Invocations    | 3 4 6 7 8 9 12 16 19 20 | 20.1
Evocations     | 5 12 | 12.0
Translocations | 2 3 4 10 12 14 | 14.0
Transmutations | 3 6 10 12 | 12.0
Conjurations   | 3 5 9 10 | 10.0
Air Magic      | 7 |  7.0

Action                     |  1- 3 |  4- 6 |  7- 9 | 10-12 | 13-15 | 16-18 | 19-21 | 22-24 | 25-27 || total
---------------------------+-------+-------+-------+-------+-------+-------+-------+-------+-------++-------
  Melee: Unarmed           |    93 |    64 |   214 |   641 |  1279 |  1500 |  1454 |  2020 |   622 ||  7887
         Bite              |    11 |     8 |    32 |    92 |   246 |   258 |   326 |   475 |   144 ||  1592
         Punch             |     1 |       |    10 |    51 |   154 |   220 |   231 |   387 |   142 ||  1196
         Headbutt          |       |     2 |    49 |    19 |       |       |       |       |       ||    70
         Maw               |       |       |     3 |   275 |   609 |   681 |   694 |  1009 |   299 ||  3570
   Cast: Jinxbite          |       |       |    41 |    89 |   152 |   125 |    36 |    52 |    15 ||   510
         Irradiate         |       |       |       |       |       |    48 |   109 |    94 |    34 ||   285
         Apportation       |       |       |       |       |       |    18 |     3 |     6 |    27 ||    54
         Iskenderun's Myst |       |       |       |       |       |     2 |    10 |     4 |     4 ||    20
         Silence           |       |       |       |       |       |     3 |       |     3 |     1 ||     7
         Vhi's Electric Ch |       |       |       |       |       |    62 |    53 |   104 |    37 ||   256
         Yara's Violent Un |       |       |       |       |       |       |     8 |    16 |     4 ||    28
         Blink             |       |       |       |       |       |       |     2 |     6 |     1 ||     9
         Confusing Touch   |       |       |       |       |       |       |       |       |     2 ||     2
         Passage of Golubr |       |       |       |       |       |       |       |       |     2 ||     2
 Invoke: Heroism           |       |       |     1 |    26 |    40 |    57 |    60 |    51 |    24 ||   259
         Finesse           |       |       |       |       |     7 |     6 |       |     6 |     5 ||    24
  Evoke: Wand              |     2 |    15 |    36 |    10 |    11 |    60 |    11 |    13 |     3 ||   161
         Condenser vane    |       |       |       |       |     2 |     3 |     3 |     3 |     1 ||    12
         Lightning rod     |       |       |       |       |       |    20 |    14 |    20 |       ||    54
         Phial of floods   |       |       |       |       |       |       |     2 |     2 |       ||     4
    Use: Potion            |       |     3 |       |     7 |     3 |    21 |     3 |    24 |    11 ||    72
         Scroll            |       |     1 |     7 |     7 |    10 |    18 |     8 |    18 |     6 ||    75
   Stab: Sleeping          |     9 |     6 |    13 |    14 |    34 |    60 |    55 |    53 |    10 ||   254
         Invisible         |       |     1 |       |       |     1 |     8 |       |       |       ||    10
         Distracted        |       |       |       |     3 |     1 |     1 |     9 |     7 |     1 ||    22
         Held in net/web   |       |       |       |       |       |     1 |       |       |       ||     1
         Confused          |       |       |       |       |       |       |     4 |       |     2 ||     6
 Armour: Skin              |    24 |    27 |    66 |   156 |   224 |   370 |   297 |   437 |   180 ||  1781
  Dodge: Dodged            |    68 |    42 |   149 |   700 |  1307 |  1938 |  1782 |  2223 |   789 ||  8998
   Form: Maw               |       |       |     1 |       |       |       |       |       |     1 ||     2
         Dragon            |       |       |       |       |       |       |       |       |     1 ||     1

Table legend: (Time is in decaauts)
 A = Elapsed time spent in this place.
 B = Non-inter-level travel time spent in this place.
 C = Inter-level travel time spent in this place.
 D = Time resting spent in this place.
 E = Time spent auto-exploring this place.
 F = Levels seen in this place.
 G = Mean time per level.
                   A        B        C        D        E       F      G
               +--------+--------+--------+--------+--------+-----+--------+
         Total |  88111 |  83271 |   4840 |  12665 |  50539 |  54 | 1631.7 |
       Dungeon |  19103 |  17355 |   1748 |   1172 |  12061 |  15 | 1273.5 |
        Temple |     60 |     14 |     46 |      0 |      0 |   1 |   60.0 |
          Lair |   7174 |   6537 |    637 |    274 |   4362 |   5 | 1434.8 |
        Shoals |   8154 |   7802 |    352 |    533 |   5934 |   4 | 2038.5 |
   Spider Nest |   8098 |   7940 |    158 |   1586 |   4689 |   4 | 2024.5 |
  Orcish Mines |   1393 |   1114 |    279 |      2 |    736 |   2 |  696.5 |
   Elven Halls |   6956 |   6754 |    202 |   1865 |   3614 |   3 | 2318.7 |
        Vaults |  14339 |  13669 |    670 |   2433 |   7348 |   5 | 2867.8 |
         Crypt |   6709 |   6512 |    197 |    950 |   4104 |   3 | 2236.3 |
        Depths |   7539 |   7151 |    388 |    651 |   5068 |   4 | 1884.8 |
           Zot |   6391 |   6232 |    159 |   2490 |   1904 |   5 | 1278.2 |
      Ice Cave |    614 |    614 |      0 |    291 |    135 |   1 |  614.0 |
        Wizlab |   1158 |   1158 |      0 |    413 |    293 |   1 | 1158.0 |
      Gauntlet |    417 |    417 |      0 |      0 |    287 |   1 |  417.0 |
               +--------+--------+--------+--------+--------+-----+--------+

Top non-repeatable levels by time:
Vaults:5: 4437 daAuts
 Crypt:3: 3883 daAuts
Spider:4: 3439 daAuts
Vaults:4: 3114 daAuts
   Elf:2: 3052 daAuts
Shoals:3: 2994 daAuts
   Elf:3: 2893 daAuts
   Zot:4: 2714 daAuts
    D:12: 2708 daAuts
Vaults:3: 2587 daAuts
     D:9: 2370 daAuts
Depths:4: 2304 daAuts
Vaults:2: 2224 daAuts
   Zot:3: 2181 daAuts
Shoals:4: 2155 daAuts
